AoeStats
← MataLokas4216

Arabia

510911555Analyzed
3v3 RM · 18h ago on Oct 3, 2026· 55m 9s· 6 players
Game mode
Random Map
Map size
Normal (6 player)
Population
200
Speed
Normal
Resources
Standard
Victory
Conquest
Starting age
Dark Age
Ending age
Imperial Age
RankedLock teamsTeams togetherTeam positionsShared explorationLock speedFull tech treeHidden civsTurbo modeCheats
Victory
Defeat
964
+14
🇨🇱 Franks · Chile
964
+14
🇨🇱 Hindustanis · Chile
941
+16
🇨🇴 Hindustanis · Colombia
930
-15
🇨🇴 Jurchens · Colombia
924
-15
🇵🇦 Varangians · Panama
908
-14
nacho.joyita
7:02 Loom
9:56 Feudal Age
13:18 Bloodlines
16:46 Wheelbarrow
16:58 Double-Bit Axe
18:05 Town Watch
22:55 Castle Age
23:27 Forging
23:23 Scale Barding Armor
25:58 Bow Saw
26:23 Gold Mining
26:15 Horse Collar
28:01 Husbandry
31:06 Hand Cart
33:09 Town Patrol
35:35 Stone Mining
38:03 Iron Casting
41:08 Imperial Age
44:21 Cavalier
46:47 Chain Barding Armor
47:28 Blast Furnace
47:32 Conscription
51:41 Plate Barding Armor
50:36 Light Cavalry
51:45 Hussar
Salvatoremancuso
9:39 Feudal Age
10:20 Double-Bit Axe
22:12 Castle Age
27:54 Wheelbarrow
31:43 Horse Collar
35:25 Squires
36:32 Hand Cart
36:04 Loom
37:36 Heavy Plow
38:35 Pikeman
39:02 Arson
39:37 Gold Mining
44:54 Imperial Age
51:45 Husbandry
MataLokas4216
4:51 Loom
10:16 Feudal Age
11:05 Double-Bit Axe
19:53 Castle Age
21:02 Horse Collar
22:14 Fletching
22:34 Elite Skirmisher
25:42 Bodkin Arrow
26:18 Bow Saw
28:36 Ballistics
34:05 Heavy Plow
37:28 Imperial Age
35:15 Forging
35:06 Scale Mail Armor
36:39 Wheelbarrow
39:15 Murder Holes
41:26 Hoardings
41:54 Hand Cart
43:37 Elite Ghulam
44:18 Grand Trunk Road
44:39 Conscription
44:27 Heavy Camel Rider
45:28 Bracer
45:34 Scale Barding Armor
45:30 Gold Mining
45:31 Stone Mining
45:41 Stone Mining
46:30 Chain Mail Armor
48:44 Iron Casting
48:43 Imperial Camel Rider
51:21 Two-Man Saw
51:06 Gold Shaft Mining
50:51 Pikeman
51:31 Squires
51:17 Arson
lacayo de voldo bahamondes
7:25 Loom
10:41 Feudal Age
11:07 Double-Bit Axe
18:13 Horse Collar
18:41 Fletching
19:41 Padded Archer Armor
25:36 Castle Age
25:38 Crossbowman
26:27 Bodkin Arrow
27:55 Pikeman
29:21 Leather Archer Armor
49:17 Wheelbarrow
49:19 Ballistics
57:00 Imperial Age
Seguidor de voldo n1
7:00 Loom
9:36 Feudal Age
10:18 Double-Bit Axe
23:00 Castle Age
22:27 Scale Barding Armor
22:32 Forging
22:55 Gold Mining
23:59 Husbandry
24:38 Iron Casting
25:45 Chain Barding Armor
30:15 Stone Mining
30:52 Bow Saw
36:50 Gold Shaft Mining
35:41 Pikeman
36:27 Squires
36:13 Gambesons
37:08 Wheelbarrow
40:39 Imperial Age
39:03 Hand Cart
38:34 Town Watch
38:53 Scale Mail Armor
40:51 Halberdier
41:04 Cavalier
42:25 Conscription
45:14 Blast Furnace
44:29 Chain Mail Armor
44:49 Plate Barding Armor
52:20 Elite Throwing Axeman
54:27 Plate Mail Armor
Führer Voldo
7:53 Loom
10:19 Feudal Age
11:01 Double-Bit Axe
17:16 Bloodlines
17:51 Wheelbarrow
18:20 Town Watch
20:10 Scale Barding Armor
20:49 Horse Collar
24:13 Castle Age
25:08 Forging
25:21 Chain Barding Armor
25:31 Bow Saw
25:22 Heavy Plow
25:53 Husbandry
27:48 Iron Casting
28:03 Gold Mining
28:57 Hand Cart
30:39 Gold Shaft Mining
31:01 Stone Mining
31:53 Town Patrol
32:33 Stone Shaft Mining
33:09 Ballistics
33:37 Coinage
33:48 Fletching
35:47 Grand Trunk Road
36:01 Bodkin Arrow
40:44 Imperial Age
39:17 Masonry
40:48 Heavy Camel Rider
42:30 Blast Furnace
42:06 Plate Barding Armor
42:34 Chemistry
41:40 Siege Engineers
41:30 Murder Holes
41:55 Bracer
43:07 Two-Man Saw
42:40 Conscription
42:56 Imperial Camel Rider
46:44 Caravan
47:16 Banking
48:55 Hoardings
Connection lost

Rejoining the realm…

Still unreachable

The connection could not be restored.

Session expired

The server has moved on; the page needs a fresh start.